[Event "Israeli Open Championship 2019"]
[Site "Jerusalem"]
[Date "2019.12.18"]
[Round "6.5"]
[White "Baron, Tal"]
[Black "Shtemler, Lavi"]
[Result "1-0"]
[ECO "E11"]
[WhiteElo "2541"]
[BlackElo "2181"]
[Annotator "ChessBase"]
[PlyCount "78"]
[EventDate "2019.12.12"]
[EventType "swiss"]
[EventCountry "ISR"]
[SourceTitle "playchess.com"]
[Source "ChessBase"]
[SourceQuality "1"]
[TimeControl "5400+30"]

1. d4 Nf6 2. c4 e6 3. Nf3 Bb4+ 4. Nbd2 O-O 5. a3 Be7 6. Qc2 d5 7. g3 b6 8. Bg2 Bb7 9. O-O Nbd7 10. b4 c5 11. cxd5 exd5 12. bxc5 bxc5 13. Rb1 Ba6 14. Re1 Rb8 15. Bb2 c4 16. Ne5 Qc7 17. e4 Rfc8 18. exd5 Rxb2 19. Rxb2 c3 20. Nc6 cxb2 21. Rxe7 Qd6 22. Qxb2 Nxd5 23. Bxd5 Qxd5 24. Nb4 Qd6 25. Rxd7 Qxd7 26. Nxa6 Qe6 27. Nc5 Qe1+ 28. Kg2 h6 29. Qb7 Re8 30. Nf3 Qe7 31. Qxe7 Rxe7 32. Ne5 f6 33. Nc6 Rc7 34. d5 Kf7 35. Kf3 f5 36. Ke3 Kf6 37. Kd4 Rc8 38. Nxa7 Ra8 39. Nb5 Ke7 {[%emt 0:08:05] Ke4} 1-0

[Event "Israeli Open Championship 2019"]
[Site "Jerusalem"]
[Date "2019.12.18"]
[Round "6.7"]
[White "Gorodetzky, Matan"]
[Black "Dvoirys, Semen I."]
[Result "1/2-1/2"]
[ECO "B31"]
[WhiteElo "2284"]
[BlackElo "2467"]
[Annotator "RC"]
[PlyCount "40"]
[EventDate "2019.12.12"]
[EventType "swiss"]
[EventCountry "ISR"]
[SourceTitle "playchess.com"]
[Source "ChessBase"]
[SourceQuality "1"]
[TimeControl "5400+30"]

1. e4 c5 2. Nf3 Nc6 3. Bb5 g6 4. O-O Bg7 5. Re1 Nf6 6. c3 a6 7. Bf1 d6 8. h3 e5 9. d4 O-O 10. dxc5 dxc5 11. Qxd8 Rxd8 12. a4 Ne8 13. Be3 b6 14. Nbd2 Rb8 15. Red1 Bf8 16. Bc4 Kg7 17. Bd5 Ne7 18. Bb3 Nc6 19. Bd5 Ne7 20. Bb3 Nc6 1/2-1/2

[Event "Israeli Open Championship 2019"]
[Site "Jerusalem"]
[Date "2019.12.18"]
[Round "6.8"]
[White "Birnboim, Nathan"]
[Black "Zak, Arad"]
[Result "1/2-1/2"]
[ECO "E63"]
[WhiteElo "2393"]
[BlackElo "2076"]
[Annotator "NA"]
[PlyCount "209"]
[EventDate "2019.12.12"]
[EventType "swiss"]
[EventCountry "ISR"]
[SourceTitle "playchess.com"]
[Source "ChessBase"]
[SourceQuality "1"]
[TimeControl "5400+30"]

1. d4 Nf6 2. c4 g6 3. Nc3 Bg7 4. g3 O-O 5. Bg2 d6 6. Nf3 Nc6 7. O-O a6 8. Bf4 Nh5 {[%emt 0:10:05] E63: King's Indian: Fianchetto: Panno Variation with 7...a6} 9. Bg5 h6 10. Bd2 e5 $146 ({Predecessor:} 10... f5 11. d5 Ne5 12. Nxe5 dxe5 13. e4 f4 14. Na4 Qd6 15. Rc1 Qf6 16. Rc3 {1-0 (39) Khalifman,A (2613)-Kuderinov,K (2465) Moscow 2015}) 11. d5 Ne7 12. e4 Bg4 13. h3 Bd7 14. Nh4 Qe8 15. Nf5 Nxf5 16. exf5 b5 17. fxg6 fxg6 18. cxb5 axb5 19. Ne4 Nf6 20. Nxf6+ Rxf6 21. Qc1 Qc8 $1 22. Kh2 Kh7 23. Be3 Ra4 24. Qc2 Bf5 25. Qe2 Bd7 26. Rfc1 Rf7 27. Qd2 Rf5 28. b3 Ra6 29. Rc2 Rh5 30. h4 Bf5 31. Rac1 Bxc2 32. Qxc2 $16 (32. Rxc2 $18 Rf5 33. Be4 (33. Bh3 c5 $11)) 32... Qa8 33. Qxc7 Rxa2 34. Qxd6 Qf8 35. Qxf8 Bxf8 36. Rc7+ Kg8 37. Rc6 Rf5 38. Rxg6+ Kf7 39. Rb6 b4 40. Rb7+ Ke8 41. Be4 Rf6 42. Bd3 Bd6 43. Kg2 Rb2 44. Bc4 Rf7 45. Rb6 Rfxf2+ 46. Kh3 Rf6 47. Kg4 Rg2 48. Kh3 Ra2 49. Bc5 Ke7 50. Rb7+ Kd8 51. Be3 e4 52. Rg7 Rc2 53. Bd4 Rf3 54. Bb5 Kc8 55. Ba6+ Kd8 56. Bb5 Kc8 57. Bb6 Rcc3 58. Ba6+ Kb8 59. Rg8+ Rf8 60. Rg6 Rxg3+ 61. Rxg3 Bxg3 62. Kxg3 Rf6 63. Bc5 Rxa6 64. Bxb4 Rb6 65. Be7 Rxb3+ 66. Kf4 e3 67. Kf3 Kc8 68. Bc5 Kd7 69. h5 e2+ 70. Kxe2 Rh3 71. Bf8 Rxh5 72. Ke3 Rh3+ 73. Kf2 Rh5 74. Kg3 Rh1 75. d6 h5 76. Be7 Ke6 77. Kg2 Rb1 78. Kh3 Rb4 79. Kg3 Rd4 80. Kh3 Kf5 81. Kg3 Rg4+ 82. Kh3 Ke6 83. Kh2 Kf7 84. Kh3 Rd4 85. Kg3 Kg6 86. Kh3 Kf5 87. Kg3 h4+ 88. Kh3 Kg6 89. Bxh4 Rxd6 90. Bg3 Rd3 91. Kg2 Kf5 92. Bf2 Kg4 93. Bg1 Rd2+ 94. Kh1 Kg3 95. Bb6 Rd7 96. Bc5 Rd2 97. Bb6 Rc2 98. Bg1 Kh3 99. Bd4 Rc4 100. Ba7 Kg3 101. Bb8+ Kf2 102. Ba7+ Kf1 103. Bg1 Rc7 104. Bh2 Kf2 105. Bxc7 1/2-1/2

[Event "Israeli Open Championship 2019"]
[Site "Jerusalem"]
[Date "2019.12.18"]
[Round "6.9"]
[White "Tifferet, Shaked"]
[Black "Nissim, Yonatan"]
[Result "1-0"]
[ECO "B38"]
[WhiteElo "2232"]
[BlackElo "2040"]
[Annotator "NA"]
[PlyCount "91"]
[EventDate "2019.12.12"]
[EventType "swiss"]
[EventCountry "ISR"]
[SourceTitle "playchess.com"]
[Source "ChessBase"]
[SourceQuality "1"]
[TimeControl "5400+30"]

1. e4 c5 2. Nf3 g6 3. c4 Bg7 4. d4 cxd4 5. Nxd4 Nc6 6. Be3 Nf6 7. Nc3 O-O 8. Be2 b6 9. O-O Bb7 10. Nxc6 Bxc6 {[%emt 0:00:35] B38: Sicilian: Maroczy Bind with 5...Bg7 and 7...0-0} 11. Qd3 (11. f3 e6 12. Qd6 Ne8 13. Qd2 f5 14. Rad1 Qe7 15. exf5 gxf5 16. a3 Rf7 17. b4 Qf6 18. Rc1 {0-1 (26) Votava,J (2534)-Kislinsky,A (2552) Czechia 2012}) 11... d6 12. Bd4 a5 $146 ({Predecessor:} 12... Re8 13. b4 e6 14. a4 a5 15. Rab1 Rb8 16. Rfd1 Qe7 17. f3 Red8 18. bxa5 bxa5 19. Rxb8 Rxb8 {1-0 (26) Kulkarni,V (2278)-Shyam,N (2415) Mumbai 2016}) 13. f4 Nd7 14. Bxg7 Kxg7 15. Rad1 Qc7 16. Qd4+ f6 17. Kh1 Nc5 18. Nd5 Qd8 19. e5 dxe5 20. fxe5 f5 21. Qe3 Bxd5 22. cxd5 Ra7 23. Bb5 Qb8 24. d6 e6 25. d7 Ne4 26. Bc6 Rd8 27. Qa3 Nc5 28. Rd6 Rc7 29. Rfd1 Kf7 30. Qh3 Kg8 31. Qh4 Ne4 32. Bxe4 $18 Rc4 33. Rxe6 Rxd7 34. Re8+ Qxe8 35. Bd5+ Kg7 36. Qxc4 Qxe5 37. Qc3 Kf6 38. Qxe5+ Kxe5 39. Bb3 Rc7 40. Kg1 g5 41. Kf2 h5 42. Rd5+ Ke4 43. Rb5 Rd7 44. Ke2 f4 45. Rxg5 Rd2+ 46. Kxd2 {[%emt 0:11:49] Kd5} 1-0

[Event "Israeli Open Championship 2019"]
[Site "Jerusalem"]
[Date "2019.12.18"]
[Round "6.10"]
[White "Zalkind, Konstantin"]
[Black "Uritsky, Yonathan"]
[Result "0-1"]
[ECO "B25"]
[WhiteElo "2162"]
[BlackElo "1881"]
[Annotator "NA"]
[PlyCount "95"]
[EventDate "2019.12.12"]
[EventType "swiss"]
[EventCountry "ISR"]
[SourceTitle "playchess.com"]
[Source "ChessBase"]
[SourceQuality "1"]
[TimeControl "5400+30"]

1. e4 c5 2. g3 Nc6 3. Bg2 g6 4. Nc3 Bg7 5. Nge2 Rb8 6. d3 b5 7. a3 d6 8. O-O e6 {[%emt 0:01:21] B25: Closed Sicilian: 3 g3, lines without early Be3} 9. Be3 b4 10. Na4 $146 ({Predecessor:} 10. axb4 cxb4 11. Na4 Nge7 12. Qd2 O-O 13. Bh6 Bxh6 14. Qxh6 a5 15. b3 Kh8 16. Ra2 {0-1 (60) Short,N (2683)-Nakamura,H (2786) London 2013}) 10... Nge7 11. Qd2 h5 12. d4 cxd4 13. Nxd4 bxa3 14. Rxa3 Ne5 15. b3 d5 16. Nc3 Bb7 17. Rxa7 Ng4 18. exd5 Nxe3 19. fxe3 exd5 20. Nce2 O-O 21. Nf4 Qb6 22. Ra3 Rbc8 23. c3 Rfe8 24. b4 Rcd8 25. Qd3 Nc8 26. Re1 Re5 27. Qb5 Qc7 {[%emt 0:01:01] Remove Defender [#]} 28. Nd3 $1 Re7 29. Nc5 Nd6 30. Qd3 (30. Qa5 $16) 30... Bh6 $2 ({Better is} 30... Ra8 $14 31. Raa1 Ree8) 31. Ra2 $14 (31. Ra7 $18) 31... Rde8 32. Rae2 Ba8 33. Bf3 Nc4 34. Kh1 Rxe3 35. Rxe3 Rxe3 36. Rxe3 Bxe3 37. Qe2 Qa7 38. Kg2 Qa1 39. Nc2 Qxc3 40. Nxe3 Nxe3+ 41. Kf2 Nc2 42. Nd3 Qd4+ 43. Kf1 Ne3+ 44. Ke1 Bc6 45. Qd2 Nc4 46. Qe2 Bb5 47. Bg2 Ne3 48. Qd1 0-1

[Event "Israeli Open Championship 2019"]
[Site "Jerusalem"]
[Date "2019.12.18"]
[Round "6.11"]
[White "Tsirilman, Guy"]
[Black "Golberg, Igor"]
[Result "1/2-1/2"]
[ECO "C07"]
[WhiteElo "1975"]
[BlackElo "2156"]
[Annotator "ChessBase"]
[PlyCount "74"]
[EventDate "2019.12.12"]
[EventType "swiss"]
[EventCountry "ISR"]
[SourceTitle "playchess.com"]
[Source "ChessBase"]
[SourceQuality "1"]
[TimeControl "5400+30"]

1. e4 e6 2. d4 d5 3. Nd2 c5 4. Ngf3 cxd4 5. exd5 Qxd5 6. Bc4 Qd7 7. O-O Nc6 8. Nb3 a6 9. Nfxd4 Nxd4 10. Qxd4 Qxd4 11. Nxd4 Nf6 12. Bf4 Bc5 13. Nb3 Be7 14. Be2 Nd5 15. Bd2 O-O 16. c4 Nb4 17. Bxb4 Bxb4 18. c5 b6 19. cxb6 Rb8 20. a3 Be7 21. Na5 Rxb6 22. b4 e5 23. Bf3 Be6 24. Rfe1 Bf6 25. Rac1 g6 26. g3 Rd8 27. Rc6 Rxc6 28. Nxc6 Rd3 29. Re3 Rd2 30. h4 Ra2 31. Nb8 e4 32. Bxe4 Bd4 33. Rf3 Bg4 34. Rf4 Be5 35. Rxg4 Bxb8 36. Rg5 Rxa3 37. Ra5 Ba7 1/2-1/2

[Event "Israeli Open Championship 2019"]
[Site "Jerusalem"]
[Date "2019.12.18"]
[Round "6.12"]
[White "Leor, Ephraim"]
[Black "Tsyn, Igor"]
[Result "0-1"]
[ECO "D77"]
[WhiteElo "1704"]
[BlackElo "2154"]
[Annotator "NA"]
[PlyCount "74"]
[EventDate "2019.12.12"]
[EventType "swiss"]
[EventCountry "ISR"]
[SourceTitle "playchess.com"]
[Source "ChessBase"]
[SourceQuality "1"]
[TimeControl "5400+30"]

1. Nf3 Nf6 2. c4 g6 3. g3 Bg7 4. Bg2 O-O 5. O-O d5 6. d4 dxc4 7. Nc3 Nbd7 8. e4 {[%emt 0:04:36] D77: Fianchetto Grünfeld: 6 0-0: Replies other than 6...c6} c6 9. Qe2 Nb6 10. a4 a5 11. h3 Nfd7 (11... e5 12. dxe5 Nfd7 13. Rd1 Qc7 14. Be3 Re8 15. Qd2 Bf8 16. Bf4 Nc5 17. e6 Qe7 18. exf7+ Qxf7 {1-0 (32) Wang,H (2690)-Li,D (2485) China 2017}) 12. e5 $146 ({Predecessor:} 12. Bg5 h6 13. Be3 e6 14. Rfd1 Qe7 15. Ne5 Qb4 16. f4 Rd8 17. h4 Nf6 {1-0 (29) Von Meijenfeldt,B (2265)-Van Foreest,L (2350) Douglas 2016}) 12... Nb8 13. g4 Na6 14. Na2 Nc7 15. Nc3 Ncd5 16. Ne4 Nc7 17. Be3 Ne6 18. Rfd1 Nd5 19. Qxc4 Nef4 20. Bxf4 Nxf4 21. Bf1 h5 22. Qc1 {[%emt 0:04:23] [#]} Nxh3+ $1 23. Bxh3 hxg4 24. Bg2 gxf3 25. Bxf3 Qd7 26. Qf4 $17 Qf5 27. Qg3 Bh6 28. Kg2 Bf4 29. Qh4 g5 30. Nxg5 Qxg5+ 31. Qxg5+ Bxg5 32. Rh1 Bf5 33. Rh5 f6 34. e6 Rad8 35. Rah1 Kg7 36. d5 cxd5 37. Be2 Rh8 0-1

[Event "Israeli Open Championship 2019"]
[Site "Jerusalem"]
[Date "2019.12.18"]
[Round "6.13"]
[White "Sokolovsky, Yahli"]
[Black "Kunin, Michael"]
[Result "0-1"]
[ECO "B41"]
[WhiteElo "2045"]
[BlackElo "2102"]
[Annotator "NA"]
[PlyCount "122"]
[EventDate "2019.12.12"]
[EventType "swiss"]
[EventCountry "ISR"]
[SourceTitle "playchess.com"]
[Source "ChessBase"]
[SourceQuality "1"]
[TimeControl "5400+30"]

1. e4 c5 2. Nf3 e6 3. d4 cxd4 4. Nxd4 a6 5. Be2 b5 6. a4 {[%emt 0:01:29] B41: Sicilian: Kan Variation: 5 c4} (6. O-O Bb7 7. c4 b4 8. Qd3 Ne7 9. Be3 Ng6 10. Nd2 Qc7 11. Rac1 Nf4 12. Bxf4 Qxf4 13. c5 Nc6 14. Nxc6 Bxc6 {½-½ (30) Tomczak,J (2583)-Balogh,C (2634) Germany 2018}) 6... b4 7. O-O Bb7 8. Nd2 d6 9. Re1 $146 ({Predecessor:} 9. b3 a5 10. Bb2 Nf6 11. Bd3 Be7 12. c3 bxc3 13. Bxc3 O-O {0-1 (54) Okruzhnova,A (1456)-Zubkovskaya,E (1386) Minsk 2018}) 9... Nf6 10. Bf3 Nbd7 11. c3 bxc3 12. bxc3 Ne5 13. Be2 Qc7 14. Qc2 Be7 15. f4 Ned7 16. Bf3 Rc8 17. Rb1 $15 Ba8 18. Ne2 h6 19. f5 e5 20. Ba3 O-O 21. Kh1 Rfe8 22. c4 d5 23. Bxe7 Rxe7 24. exd5 e4 25. Nxe4 Nxd5 26. N2g3 Ne5 27. f6 Nxf3 28. fxe7 Nxe1 29. Rxe1 Nxe7 30. c5 Ng6 31. Qf2 Nf4 32. Rf1 Ne6 33. Nd6 Rf8 34. Ngf5 Qxc5 35. Qg3 Kh7 36. Re1 g6 37. Nh4 Qg5 38. Re5 Qxg3 39. hxg3 Kg7 40. Ra5 Nc7 41. Rc5 Nd5 42. Nf3 Rb8 43. Ne5 Rb1+ 44. Kh2 Ne3 45. Ndc4 Nxg2 46. Rc7 Ne3 47. g4 Nf1+ 48. Kg1 Ne3+ 49. Kf2 Nxc4 50. Rxc4 Kf6 51. Nf3 Rb2+ 52. Ke1 Bxf3 53. Rf4+ Kg5 54. Rxf3 f6 55. Rc3 Rb4 56. Rc5+ Kxg4 57. a5 Ra4 58. Kd2 h5 59. Kc3 h4 60. Kb3 Rf4 61. Rc6 h3 0-1

[Event "Israeli Open Championship 2019"]
[Site "Jerusalem"]
[Date "2019.12.18"]
[Round "6.14"]
[White "Kuritz, Zvi"]
[Black "Friedland, Moshe"]
[Result "0-1"]
[ECO "B23"]
[WhiteElo "1907"]
[BlackElo "2267"]
[Annotator "ChessBase"]
[PlyCount "74"]
[EventDate "2019.12.12"]
[EventType "swiss"]
[EventCountry "ISR"]
[SourceTitle "playchess.com"]
[Source "ChessBase"]
[SourceQuality "1"]
[TimeControl "5400+30"]

1. e4 c5 2. Nc3 a6 3. a4 Nc6 4. f4 g6 5. Nf3 Bg7 6. Bc4 d6 7. d3 e6 8. Bb3 Nge7 9. Ne2 d5 10. e5 Bd7 11. c3 b5 12. O-O Qb6 13. Be3 Rb8 14. axb5 axb5 15. d4 c4 16. Bc2 b4 17. Ba4 h6 18. Kh1 Kd8 19. Bd2 Kc7 20. cxb4 Nxb4 21. b3 Rhc8 22. bxc4 dxc4 23. Bxd7 Kxd7 24. Qa4+ Nec6 25. Rab1 Bf8 26. Rfc1 Qa7 27. Qd1 Nd3 28. Be3 Nxc1 29. Rxc1 Ke8 30. Rxc4 Nb4 31. Rxc8+ Rxc8 32. d5 Qxe3 33. Qa4+ Nc6 34. dxc6 Qxe2 35. c7+ Ke7 36. Qc6 Qd1+ 37. Ng1 Qd7 0-1

[Event "Israeli Open Championship 2019"]
[Site "Jerusalem"]
[Date "2019.12.18"]
[Round "6.15"]
[White "Gunders, Elad"]
[Black "Slonimskij, Arkadij"]
[Result "1/2-1/2"]
[ECO "D02"]
[WhiteElo "1803"]
[BlackElo "2133"]
[Annotator "ChessBase"]
[PlyCount "106"]
[EventDate "2019.12.12"]
[EventType "swiss"]
[EventCountry "ISR"]
[SourceTitle "playchess.com"]
[Source "ChessBase"]
[SourceQuality "1"]
[TimeControl "5400+30"]

1. d4 Nf6 2. Bf4 d5 3. Nf3 e6 4. e3 c5 5. Nbd2 Nc6 6. c3 Nh5 7. Bg5 Qb6 8. Qb3 h6 9. Bh4 f5 10. Bg3 Nxg3 11. hxg3 Qc7 12. Bb5 c4 13. Qd1 Bd6 14. Nh4 Qf7 15. Nhf3 Bd7 16. Bxc6 Bxc6 17. Ne5 Bxe5 18. dxe5 O-O 19. Qh5 b5 20. Qxf7+ Rxf7 21. Nf3 Rb7 22. Nd4 Bd7 23. a3 a5 24. Kd2 Rab8 25. Nc2 Kf7 26. f4 Rg8 27. Ke2 Kg6 28. Kf2 Bc8 29. Rh4 Bd7 30. Rah1 Kf7 31. Ra1 Rbb8 32. Rhh1 Ke7 33. Rh4 Rh8 34. Rhh1 Rbg8 35. Nd4 Be8 36. Rab1 Bd7 37. Ra1 Kd8 38. Rh4 Kc7 39. Rhh1 Kb6 40. Nc2 Ra8 41. Ke2 Kc5 42. Kf2 Ra6 43. Ke2 Rha8 44. Rhg1 Be8 45. Rh1 Bf7 46. Kf2 Rg8 47. Rh2 h5 48. Rhh1 Raa8 49. Rhg1 Rh8 50. Rh1 Rag8 51. Rab1 a4 52. Rh2 g5 53. Rbh1 Rg7 1/2-1/2

[Event "Israeli Open Championship 2019"]
[Site "Jerusalem"]
[Date "2019.12.18"]
[Round "6.16"]
[White "Har-Even, Abir"]
[Black "Sobel, Ido"]
[Result "0-1"]
[ECO "A07"]
[WhiteElo "2104"]
[BlackElo "1711"]
[Annotator "NA"]
[PlyCount "157"]
[EventDate "2019.12.12"]
[EventType "swiss"]
[EventCountry "ISR"]
[SourceTitle "playchess.com"]
[Source "ChessBase"]
[SourceQuality "1"]
[TimeControl "5400+30"]

1. Nf3 Nf6 2. d3 d5 3. g3 Bf5 4. Bg2 c6 5. O-O Nbd7 6. Nh4 Bg6 {[%emt 0:07:14] A07: Réti Opening: New York and Capablanca Systems} (6... Be6 7. Nd2 g6 8. Ndf3 Bg7 9. Ng5 Nf8 10. Nxe6 Nxe6 11. e3 O-O 12. f4 Qb6 13. Kh1 Rad8 14. Qe2 {0-1 (25) Karjakin,S (2760)-Savchenko,B (2632) Moscow 2010}) 7. Nxg6 hxg6 8. Nc3 e6 9. e4 Qc7 $146 ({Predecessor:} 9... Be7 10. d4 dxe4 11. Nxe4 Nxe4 12. Bxe4 Nf6 13. Bg2 Qa5 14. Bd2 {½-½ (60) Doan,V (2142)-Luong,D (1767) Ho Chi Minh 2019}) 10. exd5 Nxd5 11. Nxd5 cxd5 12. Qe2 Nf6 13. c4 Rd8 14. Bg5 dxc4 15. dxc4 Be7 16. Rfd1 O-O 17. a3 b6 18. b4 Rxd1+ 19. Rxd1 Rd8 20. Rxd8+ Qxd8 21. Qd2 Qxd2 22. Bxd2 Bd6 23. h3 Nd7 24. f4 Kf8 25. Kf2 Ke7 26. Bc6 Kd8 27. Bc3 $16 Bf8 28. g4 Kc7 29. Ba4 Bd6 30. Kf3 f6 31. Bc2 Nf8 32. Ke4 Nd7 33. Ba4 Be7 34. Kf3 Bf8 35. Bc2 f5 36. g5 Kd6 37. Ba4 Kc7 38. h4 Kd8 39. Ke3 Ke7 40. Bd4 Kd8 41. Bb5 Kc7 42. Ba4 Kd8 43. Bb3 Ke8 44. Kd3 Bd6 45. Be3 e5 46. fxe5 Bxe5 47. c5 bxc5 48. bxc5 Bg3 49. Bd4 Bxh4 50. Ba4 Kd8 51. Be3 f4 52. Bxd7 fxe3 53. Bc6 Bxg5 54. Be4 Be7 55. Kxe3 Bxc5+ 56. Kf4 Bxa3 57. Bxg6 Kc7 58. Ke4 Kd6 59. Be8 Kc5 60. Bg6 Kb4 61. Kd3 Bb2 62. Kc2 Bf6 63. Kd3 a5 64. Kc2 a4 65. Kb1 a3 66. Ka2 Bb2 67. Kb1 Kc3 68. Ka2 Kd4 69. Kb1 Ke5 70. Kc2 Kf6 71. Bd3 g5 72. Bc4 Kf5 73. Kd3 Kf4 74. Ke2 Kg3 75. Kf1 Kh2 76. Bd5 g4 77. Ke2 g3 78. Kd2 a2 79. Kc2 0-1

[Event "Israeli Open Championship 2019"]
[Site "Jerusalem"]
[Date "2019.12.18"]
[Round "6.17"]
[White "Levin, Natan"]
[Black "Gruzman, Ilya"]
[Result "0-1"]
[ECO "D02"]
[WhiteElo "1807"]
[BlackElo "1889"]
[Annotator "NA"]
[PlyCount "97"]
[EventDate "2019.12.12"]
[EventType "swiss"]
[EventCountry "ISR"]
[SourceTitle "playchess.com"]
[Source "ChessBase"]
[SourceQuality "1"]
[TimeControl "5400+30"]

1. d4 Nf6 2. Nf3 d5 3. c3 c5 4. a3 e6 5. g3 Nc6 6. Bg2 Bd6 7. O-O Ne4 8. Nbd2 Nxd2 9. Qxd2 O-O 10. dxc5 Bxc5 11. b4 Be7 $11 12. Rd1 Bf6 13. Bb2 b5 14. a4 Qb6 15. axb5 Qxb5 16. Bf1 Qb6 17. e3 Bb7 18. Qe2 a6 19. Rab1 e5 20. Ba1 e4 21. Ne1 Ne5 22. b5 a5 23. Bg2 Rac8 24. Nc2 Nc4 25. Nd4 Rc5 26. Qa2 Bxd4 27. cxd4 Rxb5 28. Bc3 Ra8 29. Bf1 Bc6 30. Rxb5 Bxb5 31. Bb4 Qa6 32. Bc5 a4 33. Bxc4 Bxc4 34. Qa3 Rb8 35. Ra1 Rb3 36. Qc1 h6 37. h3 Qb5 38. Ba3 Qa5 39. Rb1 Qb5 40. Rxb3 Qxb3 41. Bc5 Qd3 42. Bb4 Qe2 43. Kg2 Kh7 44. Qd2 Qf1+ 45. Kh2 a3 46. Qe1 Qd3 47. Bc3 a2 48. Ba1 Qb1 49. Qc3 0-1

[Event "Israeli Open Championship 2019"]
[Site "Jerusalem"]
[Date "2019.12.18"]
[Round "6.18"]
[White "Berenboym, Igor"]
[Black "Elsner, Yair"]
[Result "0-1"]
[ECO "B30"]
[WhiteElo "2100"]
[BlackElo "1585"]
[Annotator "NA"]
[PlyCount "106"]
[EventDate "2019.12.12"]
[EventType "swiss"]
[EventCountry "ISR"]
[SourceTitle "playchess.com"]
[Source "ChessBase"]
[SourceQuality "1"]
[TimeControl "5400+30"]

1. e4 c5 2. Nf3 Nc6 3. Bb5 Nf6 4. e5 Nd5 5. Nc3 Nc7 6. Bxc6 dxc6 7. d3 {[%emt 0:00:47] B30: Sicilian: 2...Nc6 3 Bb5, lines without ...g6} (7. h3 Ne6 8. O-O g6 9. d3 Bg7 10. Re1 b6 11. Ne4 O-O 12. b3 a5 13. a4 Nd4 14. Bb2 h6 15. Bxd4 cxd4 16. Qd2 c5 17. Re2 Be6 18. Rae1 Qd7 19. Qf4 Rfe8 {½-½ (67) Giri,A (2783)-Demchenko,A (2679) St Petersburg 2018}) 7... g6 8. Be3 b6 9. Qd2 h6 $146 ({Predecessor:} 9... Ne6 10. Ne4 Bg7 11. Bh6 O-O 12. h4 f5 13. Nc3 f4 14. Bxg7 Kxg7 {1-0 (56) Olofsson Dolk,M (2172)-Winfridsson,H (1971) Vaxjo 2019}) 10. O-O-O Bg7 11. d4 Bg4 12. Ne4 (12. Qe2 $11) 12... Bxf3 13. gxf3 cxd4 14. Bxd4 Ne6 15. Qc3 Qc7 16. f4 Nxf4 17. Rhe1 (17. Qf3 $17 {might work better.} Ne6 18. Bc3) 17... O-O 18. Ng3 Rad8 19. Qc4 Ne6 20. Bc3 Rxd1+ 21. Kxd1 Rd8+ 22. Kc1 Rd5 $17 (22... b5 $19 23. Qe4 c5) 23. f4 b5 24. Qe4 Nc5 25. Qe3 Na4 26. Ne4 Nxc3 27. Nxc3 Rd8 28. h4 Qb6 29. Qg3 Qd4 30. Rd1 Qb6 31. Rxd8+ Qxd8 32. h5 Kh7 33. e6 gxh5 34. exf7 Qd4 35. Nd1 Qd5 36. Ne3 Qxf7 37. f5 Qf6 38. Kd2 Qd6+ 39. Qxd6 exd6 40. c3 Be5 41. Kd3 d5 42. Ke2 Kg7 43. Nc2 a5 44. b4 a4 45. Kd3 Kf6 46. Ne3 Bf4 47. Nc2 h4 48. Ke2 h3 49. Kf3 Be5 50. Ne3 h5 51. Nd1 h2 52. Kg2 Kxf5 53. Ne3+ Ke4 0-1

[Event "Israeli Open Championship 2019"]
[Site "Jerusalem"]
[Date "2019.12.19"]
[Round "7.5"]
[White "Tsyn, Igor"]
[Black "Gorodetzky, Matan"]
[Result "1-0"]
[ECO "C08"]
[WhiteElo "2154"]
[BlackElo "2284"]
[Annotator "NA"]
[PlyCount "77"]
[EventDate "2019.12.12"]
[EventType "swiss"]
[EventCountry "ISR"]
[SourceTitle "playchess.com"]
[Source "ChessBase"]
[SourceQuality "1"]
[TimeControl "5400+30"]

1. e4 e6 2. d4 d5 3. Nd2 a6 4. Ngf3 c5 5. exd5 exd5 6. dxc5 Bxc5 7. Bd3 Qe7+ 8. Qe2 Nc6 9. Nb3 Bb6 10. c3 Bg4 {[%emt 0:01:29] C08: French Tarrasch: 3...c5 4 exd5 exd5 sidelines} 11. Qxe7+ Ngxe7 12. Nbd4 O-O $146 ({Predecessor:} 12... Nxd4 13. Nxd4 Bxd4 14. cxd4 Rc8 15. Bd2 Kd7 16. Bc3 h5 17. h4 Bf5 18. Be2 {½-½ (49) Velicka,P (2420)-Stocek,J (2567) Czech Republic 2018}) 13. Be3 Bxf3 14. Nxf3 Bxe3 15. fxe3 Rfe8 16. O-O-O Nc8 17. Rhe1 Nd6 18. Bc2 Nc4 19. e4 dxe4 20. Bxe4 Kf8 {[%emt 0:00:56] [#]} 21. Bxc6 ({Inferior is} 21. Bxh7 g6 $17) (21. Ng5 $1 $16) 21... bxc6 22. Rd4 Rxe1+ 23. Nxe1 Ne3 24. Kd2 Re8 25. Ra4 c5 26. b3 Nf1+ 27. Kd1 Ne3+ 28. Kd2 Nf1+ 29. Kd1 Nxh2 30. Rh4 Nf1 31. Rxh7 Ne3+ 32. Kd2 Nf1+ $11 33. Kd1 Kg8 34. Rh3 f5 35. Rf3 Nh2 36. Rxf5 Ng4 37. Rf3 c4 38. Rf4 cxb3 39. Rxg4 1-0

[Event "Israeli Open Championship 2019"]
[Site "Jerusalem"]
[Date "2019.12.19"]
[Round "7.6"]
[White "Kunin, Michael"]
[Black "Cohen Revivo, Shoham"]
[Result "1-0"]
[ECO "B31"]
[WhiteElo "2102"]
[BlackElo "2261"]
[Annotator "ChessBase"]
[PlyCount "117"]
[EventDate "2019.12.12"]
[EventType "swiss"]
[EventCountry "ISR"]
[SourceTitle "playchess.com"]
[Source "ChessBase"]
[SourceQuality "1"]
[TimeControl "5400+30"]

1. e4 c5 2. Nf3 Nc6 3. Bb5 g6 4. d3 Bg7 5. O-O e5 6. Nc3 Nge7 7. Bc4 O-O 8. Ng5 h6 9. Nxf7 Rxf7 10. Bxf7+ Kxf7 11. f4 exf4 12. Bxf4 Kg8 13. Bd6 Ne5 14. Qe2 N7c6 15. Nd5 b6 16. Rf2 Bb7 17. Raf1 Qg5 18. Nc7 Rc8 19. c3 Rxc7 20. Bxc7 Ba6 21. Rd1 Qe7 22. Bxe5 Nxe5 23. Qc2 Qg5 24. Qa4 Bxd3 25. Rxd3 Qc1+ 26. Rd1 Qe3 27. Qc2 Kh7 28. Qe2 Qg5 29. Rd5 d6 30. Rxe5 Qxe5 31. Rf7 d5 32. Rxa7 dxe4 33. Qe3 Qd5 34. g3 Qd1+ 35. Kg2 Qc2+ 36. Qf2 Qd3 37. Re7 h5 38. a4 Qd5 39. Qe3 Qb3 40. Qe2 e3 41. Rxe3 Qxa4 42. Re7 Qc6+ 43. Qe4 Qd6 44. Re6 Qd2+ 45. Kh3 Qg5 46. Rxb6 Bf6 47. Qf4 Qxf4 48. gxf4 Kg7 49. Rb7+ Kf8 50. b4 c4 51. Rc7 Bxc3 52. Rxc4 Bd2 53. Kg3 Ke7 54. Re4+ Kf6 55. b5 Ba5 56. Ra4 Bc7 57. b6 Bd6 58. b7 g5 59. Ra6 1-0

[Event "Israeli Open Championship 2019"]
[Site "Jerusalem"]
[Date "2019.12.19"]
[Round "7.7"]
[White "Uritsky, Yonathan"]
[Black "Tifferet, Shaked"]
[Result "0-1"]
[ECO "A21"]
[WhiteElo "1881"]
[BlackElo "2232"]
[Annotator "ChessBase"]
[PlyCount "86"]
[EventDate "2019.12.12"]
[EventType "swiss"]
[EventCountry "ISR"]
[SourceTitle "playchess.com"]
[Source "ChessBase"]
[SourceQuality "1"]
[TimeControl "5400+30"]

1. c4 g6 2. g3 Bg7 3. Bg2 e5 4. Nc3 d6 5. Rb1 f5 6. b4 Nf6 7. d3 O-O 8. e3 Kh8 9. Nge2 a6 10. O-O c6 11. Qc2 Be6 12. Rd1 Nbd7 13. a4 d5 14. Na2 b5 15. c5 g5 16. f4 Nh5 17. Rf1 Qe8 18. fxg5 Qe7 19. Nac3 Rae8 20. Bf3 Qf7 21. Qd1 e4 22. Bg2 Qg6 23. d4 Qxg5 24. Nf4 Bf7 25. Ra1 Ndf6 26. axb5 axb5 27. Ra6 Rc8 28. Nce2 Ng4 29. Bd2 Qh6 30. h3 Ngf6 31. Kf2 Rg8 32. Rg1 Qg5 33. Bf1 Bh6 34. Ra7 Rg7 35. Qa1 Rcg8 36. Be1 Nxf4 37. Nxf4 Nh5 38. h4 Qf6 39. Nxh5 Bxh5 40. Rxg7 Qxg7 41. Qb2 f4 42. exf4 Bxf4 43. g4 Qf6 0-1